 Dungeon Crawl Stone Soup version 0.26.1-2-gb8aa6d0cf2 (webtiles) character file.

Game seed: 11715030953659849736

621 H0rd4k the Charlatan (level 7, -4/51 HPs)
             Began as a Human Artificer on Mar 17, 2021.
             Slain by an ogre
             ... wielding a +0 giant spiked club
              (26 damage)
             ... on level 5 of the Dungeon.
             The game lasted 00:05:38 (6255 turns).

H0rd4k the Charlatan (Human Artificer)              Turns: 6255, Time: 00:05:38

Health: -4/51      AC:  4    Str: 15    XL:     7   Next: 75%
Magic:  7/7        EV: 12    Int: 11    God:
Gold:   289        SH:  0    Dex: 13    Spells: 6/6 levels left

rFire    . . .     SeeInvis .   j - +1 short sword (flame)
rCold    . . .     Faith    .   (no shield)
rNeg     + . .     Spirit   .   b - +0 leather armour
rPois    .         Reflect  .   n - +0 helmet
rElec    .         Harm     .   (no cloak)
rCorr    .         Rampage  .   (no gloves)
Will     .....                  (no boots)
Stlth    ++........             (no amulet)
HPRegen  0.17/turn              r - ring of positive energy
MPRegen  0.10/turn              (no ring)

@: no status effects
A: no striking features
a: no special abilities


You were on level 5 of the Dungeon.
You visited 1 branch of the dungeon, and saw 5 of its levels.

You collected 289 gold pieces.

Inventory:

Hand Weapons
 a - a +0 club
 i - a +0 short sword
 j - a +1 short sword of flaming (weapon)
Armour
 b - a +0 leather armour (worn)
 n - a +0 helmet (worn)
Jewellery
 r - a ring of positive energy (left hand)
 v - a cursed amulet of faith {unknown}
Wands
 c - a wand of flame (36) (quivered)
 d - a wand of enslavement (9)
 e - a wand of random effects (5)
Scrolls
 p - 2 scrolls of identify
 q - 3 scrolls of enchant armour {unknown}
 u - a scroll of teleportation {unknown}
 w - a scroll of immolation {unknown}
Potions
 f - a potion of brilliance {unknown}
 g - a potion of mutation {unknown}
 h - 3 potions of lignification {unknown}
 k - 5 potions of curing {unknown}
 l - 2 potions of magic
 m - 2 potions of invisibility
 o - a potion of might {unknown}
 s - a potion of berserk rage {unknown}
 t - 2 potions of heal wounds {unknown}
 x - a potion of ambrosia {unknown}


   Skills:
 + Level 2.8 Fighting
 + Level 3.9 Short Blades
 + Level 3.5 Armour
 + Level 2.8 Dodging
 + Level 3.3 Stealth
 + Level 4.1 Evocations


You had 6 spell levels left.
You didn't know any spells.
Your spell library was empty.

Dungeon Overview and Level Annotations

Branches:
Dungeon (5/15)
 Temple: D:4-7

Altars:
Elyvilon
Okawaru

Shops:
D:4 ?

Annotations:
D:2 exclusion: downstairs
D:5 Edmund


Message History

A centaur skeleton comes into view.
The ogre shouts!
The ogre hits you with a +0 giant spiked club!
You hit the ogre. You burn the ogre.
The ogre is moderately wounded.
You hit the ogre. You burn the ogre.
The ogre is heavily wounded.
The ogre barely misses you.
You hit the ogre but do no damage.
The ogre is heavily wounded.
The ogre hits you with a +0 giant spiked club!
You hit the ogre. You burn the ogre.
The ogre is severely wounded.
The centaur skeleton hits you.
You hit the ogre. You burn the ogre.
The ogre is severely wounded.
The centaur skeleton closely misses you.
The ogre hits you with a +0 giant spiked club!!
Ouch! That really hurt!
You die...

#.......# #.# #...####.
####.### #...# #.
##......# #...# #.
#.....#.# #...# ##
##.......# #...# #
#..?.....######...#####
.#..#.Z.................
......O@................
.#..##.#......>.........
.......######)[.#####
.......## #..)#
#####.### #...# ### #.
#...# #.. #.
########...# #.# ..
....#......###.#
#.............


You could see an ogre and a centaur skeleton.

Vanquished Creatures
  Sigmund (D:3)
  Menkaure (D:4)
  An ogre (D:4)
  An orc wizard (D:4)
  A hound skeleton (D:4)
  2 gnolls (D:5)
  4 adders
  A shadow imp (D:5)
  2 worms
  7 dart slugs
  A leopard gecko (D:4)
  7 orcs
  3 giant cockroaches
  5 goblins
  10 hobgoblins
  10 jackals
  3 kobolds
  A quokka (D:4)
  A ball python (D:2)
  4 bats
  5 frilled lizards
  A jackal skeleton (D:4)
  A leopard gecko skeleton (D:2)
  5 rats
78 creatures vanquished.

Vanquished Creatures (collateral kills)
  A gnoll shaman (D:5)
  An orc wizard (D:4)
  A worker ant (D:3)
  2 gnolls (D:5)
  3 orcs (D:3)
  A hobgoblin (D:3)
  A jackal (D:3)
  A rat (D:3)
11 creatures vanquished.

Vanquished Creatures (others)
  An orc priest (D:4)
  A hound zombie (D:5)
  An adder (D:3)
3 creatures vanquished.

Grand Total: 92 creatures vanquished

Notes
Turn   | Place    | Note
-------+----------+-------------------------------------------
     0 | D:1      | H0rd4k the Human Artificer began the quest for the Orb.
     0 | D:1      | Reached XP level 1. HP: 15/15 MP: 1/1
   407 | D:1      | Reached XP level 2. HP: 13/21 MP: 2/2
   663 | D:1      | Reached XP level 3. HP: 22/26 MP: 3/3
  1057 | D:1      | Reached skill level 1 in Short Blades
  1488 | D:2      | Found an iron altar of Okawaru.
  1715 | D:2      | Reached XP level 4. HP: 32/32 MP: 4/4
  3407 | D:3      | Reached XP level 5. HP: 24/37 MP: 5/5
  3638 | D:3      | Found a white marble altar of Elyvilon.
  3825 | D:3      | Noticed Sigmund
  3833 | D:3      | Killed Sigmund
  3834 | D:3      | Reached XP level 6. HP: 44/44 MP: 6/6
  4180 | D:4      | Reached skill level 4 in Evocations
  4649 | D:4      | Noticed Menkaure
  4661 | D:4      | Killed Menkaure
  4662 | D:4      | Reached XP level 7. HP: 8/51 MP: 7/7
  5351 | D:4      | Found Buxte's Magic Scroll Shoppe.
  5698 | D:5      | Entered Level 5 of the Dungeon
  5756 | D:5      | Noticed Edmund
  6255 | D:5      | Slain by an ogre

Illustrated notes

Levels and vault maps discovered:
D:1:      dpeg_arrival_tiny_j, layout_rooms
D:2:      layout_basic, lemuel_crystal_altar
D:3:      layout_loops_ring, elyvilon_altar_1, uniq_sigmund
D:4:      layout_gridville, serial_shops, shop, uniq_menkaure
D:5:      minmay_chambers_of_threes, layout_loops_cross,
          minmay_temple_entry_butterflies, uniq_edmund

Skill      XL: |  1  2  3  4  5  6 |
---------------+-------------------+-----
Short Blades   | 1 2 3 |  3.9
Fighting       | 2 |  2.8
Dodging        | 2 |  2.8
Stealth        | 2 3 |  3.3
Evocations     | 4 |  4.1
Armour         | 3 |  3.5

Action                   |  1- 3 |  4- 6 |  7- 9 || total
-------------------------+-------+-------+-------++-------
Melee: Club              |    43 |       |       ||    43
       Short sword       |   106 |   130 |    70 ||   306
Evoke: Wand              |     1 |    11 |     8 ||    20
  Use: Scroll            |     5 |     2 |       ||     7
 Stab: Paralysed         |       |     4 |       ||     4
       Sleeping          |       |       |     4 ||     4
Armor: Leather armour    |    57 |    25 |    10 ||    92
Dodge: Dodged            |   104 |    82 |    36 ||   222
